 Dungeon Crawl Stone Soup version 0.30.1-4-g462c640d31 (webtiles) character file.

Game seed: 2343706375233239360

45119 nonceun the Severer (level 13, -13/122 HPs)
             Began as a Minotaur Berserker on Aug 31, 2023.
             Was a High Priest of Trog.
             Mangled by a large abomination (16 damage)
             ... on level 5 of the Lair of Beasts.
             The game lasted 01:31:26 (16629 turns).

nonceun the Severer (Minotaur Berserker)           Turns: 16629, Time: 01:31:27

Health: -13/122    AC: 23    Str: 26    XL:     13   Next: 99%
Magic:  12/12      EV: 10    Int:  6    God:    Trog [*****.]
Gold:   621        SH:  6    Dex:  9    Spells: 12/12 levels left

rFire   + + +        a - +0 war axe (flame)
rCold   . . .        q - +0 buckler of Sharp Beauty {-Tele Rampage rF++ SInv}
rNeg    . . .        M - +3 plate armour {rF+}
rPois   .            (helmet restricted)
rElec   .            t - +0 cloak
rCorr   .            d - +0 pair of gloves
SInv    +            y - +0 pair of boots
Will    +++..        h - amulet of the acrobat Stlth
                     G - +4 ring of slaying
HPRegen 1.40/turn    i - ring of willpower
MPRegen 0.13/turn

%: no teleportation, acrobat, rampage
@: strong-willed, regenerating
A: horns 2, retaliatory headbutt
a: Renounce Religion, Berserk, Trog's Hand, Brothers in Arms


You were on level 5 of the Lair of Beasts.
You worshipped Trog.
Trog was extremely pleased with you.
You visited 2 branches of the dungeon, and saw 14 of its levels.
You also visited: Sewer, Ossuary and Bailey.

You collected 921 gold pieces.
You spent 300 gold pieces at shops.

Inventory:

Hand Weapons
 a - a +0 war axe of flaming (weapon)
 b - a +0 war axe
Armour
 d - a +0 pair of gloves (worn)
 q - the +0 buckler of Sharp Beauty (worn) {-Tele Rampage rF++ SInv}
   (You found it on level 2 of the Dungeon)

   rF:        It greatly protects you from fire.
   SInv:      It lets you see invisible.
   -Tele:     It prevents most forms of teleportation.
   Rampage:   It bestows one free step when moving towards enemies.
 t - a +0 cloak (worn)
 y - a +0 pair of boots (worn)
 M - a +3 plate armour of fire resistance (worn)
Jewellery
 h - an amulet of the acrobat (around neck)
 i - a ring of willpower (right hand)
 m - a ring of fire
 w - an amulet of guardian spirit
 G - a +4 ring of slaying (left hand)
 L - the ring of Beok Vyb {+Blink rPois Will+ rCorr Stlth+}
   (You took it off a spriggan on level 5 of the Lair of Beasts)

   [ring of willpower]

   rPois:     It protects you from poison.
   +Blink:    It lets you blink.
   rCorr:     It protects you from acid and corrosion.
   Will:      It increases your willpower.
   Stlth:     It makes you more stealthy.
Wands
 o - a wand of iceblast (15)
 s - a wand of digging (2)
 u - a wand of flame (43)
 v - a wand of acid (33)
 A - a wand of paralysis (6)
 O - a wand of mindburst (10)
Scrolls
 c - 3 scrolls of poison {unknown}
 f - 4 scrolls of fear
 j - 11 scrolls of teleportation
 x - 2 scrolls of silence
 z - 3 scrolls of enchant weapon {unknown}
 C - a scroll of brand weapon
 F - a scroll of summoning
 H - 5 scrolls of fog {unknown}
 I - 2 scrolls of identify
 N - 2 scrolls of torment {unknown}
 S - 3 scrolls of blinking
Potions
 e - 7 potions of haste
 g - 4 potions of lignification {unknown}
 l - 2 potions of resistance
 n - 3 potions of attraction
 p - a potion of berserk rage
 r - 5 potions of curing
 B - 7 potions of brilliance {unknown}
 D - 5 potions of heal wounds {unknown}
 E - 5 potions of invisibility
 K - 2 potions of magic
 P - 2 potions of flight {unknown}
 Q - 2 potions of cancellation {unknown}
 R - 3 potions of might {unknown}
Miscellaneous
 k - a phantom mirror
 J - a condenser vane


   Skills:
 + Level 13.0 Fighting
 + Level 16.7 Axes
 + Level 13.0 Armour
 * Level 10.7 Dodging
 * Level 12.2 Shields


You had 12 spell levels left.
You didn't know any spells.
Your spell library contained the following spells:

 Spells                   Type           Power      Damage    Failure   Level
 Kiss of Death            Conj/Necr      0%         2d5       99%         1
 Magic Dart               Conj           0%         1d3       99%         1
 Shock                    Conj/Air       0%         1d3       99%         1
 Call Imp                 Summ           0%         N/A       100%        2
 Confusing Touch          Hex            0%         N/A       100%        3
 Inner Flame              Hex/Fire       0%         N/A       100%        3
 Mephitic Cloud           Conj/Pois/Air  0%         N/A       100%        3
 Swiftness                Air            0%         N/A       100%        3
 Airstrike                Air            0%         2d(0-16)  100%        4
 Dispel Undead            Necr           0%         3d6       100%        4
 Flame Wave               Conj/Fire      0%         2d4       100%        4
 Sticky Flame             Conj/Fire      0%         2d3       100%        4
 Simulacrum               Ice/Necr       0%         N/A       100%        6
 Ozocubu's Refrigeration  Ice            0%         4d7       100%        7
 Polar Vortex             Ice            0%         N/A       100%        9


Dungeon Overview and Level Annotations

Branches:
Dungeon (9/15)             Temple (0/1) D:7            Lair (5/5) D:8
 Shoals (0/4) Lair:2       Spider (0/4) Lair:3        Slime (0/5) Lair:4
  Sewer (visited)         Ossuary (visited)          Bailey (visited)
    Orc: D:9-12

Altars:
Cheibriados
Fedhas
Hepliaklqana
Makhleb
Okawaru
Qazlal
Trog
The Shining One

Shops:
D:5 [   D:6 ?

Portals:
Abyss: D:5

Annotations:
D:9 2 transporters, Fractals's ghost, novice HOFi


Innate Abilities, Weirdness & Mutations

You have a pair of horns on your head.
You reflexively headbutt those who attack you in melee.


Message History

You burn the brown ugly thing. The thrashing horror tramples you.
You hold your ground!
The thrashing horror tramples you.
You hold your ground!
The large abomination attacks as you move away!
The large abomination hits you!!
The thrashing horror closely misses you.
The thrashing horror tramples you but does no damage.
You block the large abomination's attack.
You closely miss the thrashing horror.
Your headbutt misses the thrashing horror.
The thrashing horror is moderately damaged.
You hit the large abomination but do no damage.
The thrashing horror barely misses you.
The thrashing horror tramples you but does no damage.
You barely miss the thrashing horror.
The thrashing horror is moderately damaged.
You hit the large abomination. You burn the large abomination.
The thrashing horror tramples you but does no damage. x2
The large abomination hits you but does no damage.
The large abomination attacks as you move away!
The large abomination hits you!!
* * * LOW HITPOINT WARNING * * *
The brown ugly thing attacks as you move away!
You block the brown ugly thing's attack.
The brown ugly thing basks in the mutagenic energy from its kin and changes!
You block the thrashing horror's attack.
The thrashing horror completely misses you.
Okay, then.
Okay, then.
The large abomination hits you but does no damage.
Keep disrobing?
The large abomination hits you!!
* * * LOW HITPOINT WARNING * * *
The thrashing horror tramples you but does no damage.
You block the thrashing horror's attack.
You start removing your armour.
You continue taking off the +0 buckler of Sharp Beauty {-Tele Rampage rF++ SInv}.
The thrashing horror barely misses you.
You block the thrashing horror's attack.
The large abomination hits you!
You die...

♣ ... ♣♣♣ #####... ♣..
#.... ..♣♣ ##...# ..♣♣
#.#.## ♣ ♣ ♣X.♣ ##...#
♣♣ ♣♣♣.♣♣♣♣♣♣♣uX♣ #..##
.♣♣♣♣♣♣.......♣..uX♣♣
#...†
....♣♣...♣♣......X♣♣
##..† .......♣
♣♣..♣X@♣♣ ####
♣......♣♣♣ ♣♣♣♣♣..♣♣♣♣♣
♣♣.......♣♣♣♣♣♣.......♣
♣♣♣♣.....♣♣........♣♣♣
♣♣♣♣.)...♣♣..♣♣♣♣
♣♣♣♣♣♣♣♣♣♣♣


You could see 2 ugly things, a thrashing horror and 4 large abominations.

Vanquished Creatures
  2 hydras (Lair:4)
  A centaur warrior (D:9)
  13 death yaks
  2 skysharks
  The ghost of kingsuperguy the Ducker, a novice DrBe of Trog (D:5)
  Pikel (D:8)
  8 elephants
  2 torpor snails
  Joseph (D:9)
  14 cane toads
  A gargoyle (Bailey)
  6 black mambas
  Maggie (D:9)
  7 rime drakes
  Psyche (D:8)
  A yaktaur (shapeshifter) (Lair:5)
  8 komodo dragons
  An ancient zyme (Lair:5)
  2 hornets
  A polar bear (Lair:2)
  Grinder (D:6)
  8 blink frogs (Lair:5)
  Sigmund (D:3)
  3 jumping spiders (Lair:3)
  2 spriggans (Lair:5)
  30 yaks
  2 vampires
  5 wyverns
  2 ynoxinuls (Lair:5)
  2 fire bats (shapeshifter) (Lair:5)
  A chaos spawn (Lair:5)
  9 basilisks
  A large abomination (Lair:5)
  A steam dragon (D:8)
  Grum (D:8)
  12 water moccasins
  2 black bears
  An orc warrior (D:7)
  An ice beast (D:6)
  4 sky beasts
  An ogre (D:4)
  7 wolves
  4 centaurs
  3 phantoms
  A lemure (D:8)
  A kobold brigand (D:5)
  3 elf zombies
  12 bullfrogs
  2 gnoll sergeants
  3 scorpions
  13 wights
  12 small abominations
  8 killer bees
  An electric eel (Lair:3)
  7 vampire bats (Bailey)
  2 howler monkeys
  5 wolf zombies (Bailey)
  A quasit (D:5)
  A centaur zombie (Ossuary)
  3 human zombies
  6 jellies
  4 orc priests
  3 hounds
  2 human skeletons (D:8)
  Ijyb (D:3)
  19 iguanas
  7 orc wizards
  2 mummies (Ossuary)
  7 gnolls
  6 adders
  2 shadow imps
  2 white imps (D:7)
  An ufetubus (D:5)
  An adder zombie (Ossuary)
  4 worms
  5 dart slugs
  25 orcs
  5 ball pythons
  6 endoplasms
  2 giant cockroaches
  9 hobgoblins
  6 jackals
  A quokka (D:5)
  10 bats
  22 frilled lizards
  9 goblins
  A goblin zombie (Ossuary)
  12 hobgoblin zombies (Ossuary)
  8 kobolds
  9 kobold zombies (Ossuary)
  An orc skeleton (D:8)
  25 orc zombies
  8 rats
  3 rat zombies (Ossuary)
487 creatures vanquished.

Notes
Turn   | Place    | Note
-------+----------+-------------------------------------------
     0 | D:1      | nonceun the Minotaur Berserker began the quest for the Orb.
     0 | D:1      | Reached XP level 1. HP: 19/19 MP: 0/0
    98 | D:1      | Reached skill level 4 in Axes
   329 | D:1      | Reached XP level 2. HP: 20/26 MP: 1/1
   464 | D:1      | Found a faded altar of an unknown god.
   758 | D:1      | Reached skill level 5 in Axes
   758 | D:1      | Reached XP level 3. HP: 24/31 MP: 2/2
   809 | D:2      | Reached ** piety under Trog
   994 | D:2      | Found a hazy altar of Hepliaklqana.
  1000 | D:2      | Identified the +0 buckler of Sharp Beauty {-Tele Rampage
                  | rF++ SInv}
  1287 | D:2      | Reached skill level 6 in Axes
  1287 | D:2      | Reached XP level 4. HP: 38/39 MP: 3/3
  1341 | D:3      | Noticed Sigmund
  1356 | D:3      | Killed Sigmund
  1357 | D:3      | Reached skill level 1 in Shields
  1357 | D:3      | Reached XP level 5. HP: 37/46 MP: 4/4
  1525 | D:3      | Reached skill level 7 in Axes
  1525 | D:3      | Reached XP level 6. HP: 21/52 MP: 5/5
  2032 | D:3      | Noticed Ijyb
  2042 | D:3      | Killed Ijyb
  2511 | D:4      | Noticed a sky beast
  2519 | D:4      | Killed a sky beast
  2520 | D:4      | Reached XP level 7. HP: 46/60 MP: 6/6
  2520 | D:4      | Found a stormy altar of Qazlal.
  2582 | D:4      | Reached skill level 8 in Axes
  3284 | D:5      | Entered Level 5 of the Dungeon
  3332 | D:5      | Found Ytopuurgh's Antique Armour Boutique.
  3359 | D:5      | Found a one-way gate to the infinite horrors of the Abyss.
  3359 | D:5      | Noticed kingsuperguy's ghost (novice DrBe)
  3360 | D:5      | Noticed a small abomination
  3362 | D:5      | Found a transporter.
  3365 | D:5      | Found a transporter.
  3409 | D:5      | Reached skill level 5 in Fighting
  3438 | D:5      | Reached *** piety under Trog
  3542 | D:5      | Reached skill level 9 in Axes
  3645 | D:5      | Reached XP level 8. HP: 68/68 MP: 7/7
  3720 | D:5      | Reached skill level 5 in Armour
  4397 | D:6      | Noticed Grinder
  4418 | D:6      | Killed Grinder
  4419 | D:6      | Reached skill level 10 in Axes
  4419 | D:6      | Reached skill level 5 in Shields
  4491 | D:6      | Reached skill level 5 in Dodging
  4502 | D:6      | Found a glowing drain.
  4518 | Sewer    | Entered a sewer
  4766 | D:6      | Reached XP level 9. HP: 74/74 MP: 8/8
  4769 | D:6      | Found Malo's Magic Scroll Boutique.
  4780 | D:6      | Bought a scroll of brand weapon for 95 gold pieces
  4780 | D:6      | Bought a scroll of teleportation for 30 gold pieces
  4780 | D:6      | Bought a scroll of vulnerability for 40 gold pieces
  4780 | D:6      | Bought a scroll of identify for 20 gold pieces
  4986 | D:6      | Found a blossoming altar of Fedhas.
  5389 | D:6      | Reached skill level 11 in Axes
  5731 | D:6      | Bought a scroll of magic mapping for 75 gold pieces
  5813 | D:7      | Reached **** piety under Trog
  5831 | D:7      | Found a flagged portal.
  5837 | Bailey   | Entered a bailey
  5994 | Bailey   | Reached skill level 12 in Axes
  6040 | Bailey   | Noticed a gargoyle
  6053 | Bailey   | Killed a gargoyle
  6814 | D:7      | Reached XP level 10. HP: 74/86 MP: 9/9
  6899 | D:7      | Paralysed by a hornet for 1 turns
  7172 | D:7      | Found a staircase to the Ecumenical Temple.
  7182 | D:7      | Found a glowing golden altar of the Shining One.
  7286 | D:7      | Found an iron altar of Okawaru.
  7361 | D:7      | Found a burning altar of Makhleb.
  7407 | D:8      | Found a staircase to the Lair.
  7421 | D:8      | Noticed Pikel
  7433 | D:8      | Killed Pikel
  7523 | D:8      | Noticed Psyche
  7533 | D:8      | Killed Psyche
  7541 | D:8      | Noticed Grum
  7556 | D:8      | Killed Grum
  7738 | D:8      | Found a sand-covered staircase.
  7746 | Ossuary  | Entered an ossuary
  7817 | Ossuary  | Reached ***** piety under Trog
  7934 | Ossuary  | Reached skill level 13 in Axes
  8363 | D:8      | Found a snail-covered altar of Cheibriados.
  8709 | D:9      | Noticed a centaur warrior
  8725 | D:9      | Killed a centaur warrior
  8725 | D:9      | Received a gift from Trog
  8779 | D:9      | Noticed Joseph
  8807 | D:9      | Killed Joseph
  8808 | D:9      | Reached XP level 11. HP: 94/94 MP: 10/10
  8832 | D:9      | Noticed Maggie
  8845 | D:9      | Killed Maggie
  8967 | D:9      | Found a transporter.
  8967 | D:9      | Found a transporter.
  8975 | D:9      | Found a bloodstained altar of Trog.
  8982 | D:9      | Noticed a tengu warrior
  8983 | D:9      | Noticed Fractals's ghost (novice HOFi)
  9691 | D:6      | Bought a scroll of immolation for 40 gold pieces
  9808 | D:5      | Reached skill level 14 in Axes
  9810 | D:5      | Killed kingsuperguy's ghost
  9941 | Lair:1   | Entered Level 1 of the Lair of Beasts
 10652 | Lair:1   | Reached skill level 15 in Axes
 11293 | Lair:2   | Reached skill level 10 in Shields
 11461 | Lair:2   | Reached XP level 12. HP: 105/105 MP: 11/11
 11669 | Lair:2   | Reached skill level 10 in Armour
 11816 | Lair:2   | Received a gift from Trog
 11884 | Lair:2   | Reached skill level 10 in Fighting
 11921 | Lair:2   | Found a staircase to the Shoals.
 12432 | Lair:3   | Found a hole to the Spider Nest.
 12919 | Lair:3   | Reached skill level 16 in Axes
 13362 | Lair:3   | Paralysed by a hornet for 3 turns
 13998 | Lair:4   | Noticed an eight-headed hydra
 14004 | Lair:4   | Killed a five-headed hydra
 14005 | Lair:4   | Reached XP level 13. HP: 99/116 MP: 12/12
 14186 | Lair:4   | Found a runed translucent door.
 14187 | Lair:4   | Found a staircase to the Slime Pits.
 14297 | Lair:4   | Identified the +2 ring mail of Starshine {rF++ rN+ MP+9
                  | Stlth-}
 15068 | Lair:5   | Entered Level 5 of the Lair of Beasts
 15391 | Lair:5   | Reached skill level 10 in Dodging
 16318 | Lair:5   | Identified the staff of conjuration "Cenleyse" {Dex+4}
 16603 | Lair:5   | Identified the ring of Beok Vyb {+Blink rPois Will+ rCorr
                  | Stlth+}
 16628 | Lair:5   | HP: 2/122 [large abomination (20)]
 16629 | Lair:5   | Mangled by a large abomination

Illustrated notes

Levels and vault maps discovered:
D:1:      minmay_arrival_open_corners, layout_loops_ring,
          shapermc_ecumenical_altar_gd
D:2:      layout_rooms, basic_altar, hangedman_glass_teeth,
          amcnicky_mini_corridor_feature,
          nicolae_concentric_dashed_squares_mild, minivault_19
D:3:      layout_basic, serial_curves, eino_curves_01, eino_curves_01,
          eino_curves_03, uniq_ijyb, uniq_sigmund
D:4:      layout_basic, nicolae_qazlal_beasts_of_the_sky, item_on_display_a
D:5:      layout_loops_ring, gammafunk_ghost_abyssal_escape, serial_shops, shop,
          nicolae_titane
D:6:      layout_loops_corners, fedhas_altar_fruit_tree,
          cheibrodos_sewer_entry_bend, st_stairs_12, kennysheep_small_square,
          uniq_grinder
D:7:      layout_loops_ring, mainiacjoe_overflow_alcove_1,
          makhleb_heckhound_becter, hellmonk_okawaru_the_only_friend_you_need,
          minmay_temple_entry_stoned_glass, enter_bailey_3, kennysheep_doodads
D:8:      layout_loops_ring, marbit_many_paths, dpeg_oklobed_lair,
          nicolae_ossuary_entry_catacombs, uniq_grum, uniq_pikel, uniq_psyche
D:9:      layout_stronghold, gammafunk_ghost_wrathful_warriors,
          serial_park_tiny_1, minmay_misc_feat_chi, uniq_joseph, uniq_maggie
Lair:1:   hellmonk_ruined_rings, layout_loops_ring, beast_lair_carwin_5
Lair:2:   lemuel_reptile_caves, layout_misc_corridors,
          minmay_shoals_entry_centaurs, serial_bayou_shore_b
Lair:3:   layout_cave_pods, spider_nest_entry_a, pdpol_lair_cavern_descent,
          grunt_megastairs_3
Lair:4:   layout_loops_ring, slime_entry_2, chequers_serial_rivers_small_b
Lair:5:   hellmonk_lair_end_abyssal_woods, layout_small_grid,
          chequers_serial_rivers_micro_c, minmay_lair_drake_nest

Skill      XL: |  1  2  3  4  5  6  7  8  9 10 11 12 13 |
---------------+----------------------------------------+-----
Axes           | 4 5 6 7 9 10 12 13 15 16 | 16.7
Fighting       | 4 5 7 8 9 11 13 | 13.0
Armour         | 3 4 5 7 8 9 11 13 | 13.0
Shields        | 1 2 4 5 7 8 10 11 12 | 12.2
Dodging        | 3 5 6 8 9 10 | 10.7

Action                     |  1- 3 |  4- 6 |  7- 9 | 10-12 | 13-15 || total
---------------------------+-------+-------+-------+-------+-------++-------
  Melee: Hand axe          |   104 |    54 |       |       |       ||   158
         Headbutt          |    13 |    10 |    69 |   149 |    69 ||   310
         Punch             |     3 |       |       |       |       ||     3
         War axe           |       |    34 |   344 |   655 |   281 ||  1314
 Invoke: Trog's Hand       |       |     3 |     4 |     6 |     1 ||    14
         Berserk           |       |     1 |     1 |       |       ||     2
  Evoke: Wand              |       |       |     1 |       |       ||     1
    Use: Scroll            |       |       |     8 |     6 |     4 ||    18
   Stab: Paralysed         |       |       |     4 |       |       ||     4
 Armour: Scale mail        |    26 |    26 |       |       |       ||    52
         Chain mail        |       |       |    58 |       |       ||    58
         Plate armour      |       |       |    91 |   213 |   125 ||   429
  Dodge: Dodged            |    57 |    37 |   149 |   194 |    88 ||   525
  Block: Buckler           |     1 |    10 |    67 |   123 |    53 ||   254
